Map: Catalyst LE

Players

Sistine - Winner!

  • Race: Zerg Zerg
  • League: Grandmaster
  • Spawn Location: 11:00

DaiCapra

  • Race: Zerg Zerg
  • League: Master
  • Spawn Location: 5:00

VOD

Have the link to the VOD?

Description

Time

  • Played on: June 30, 2018, 4:32 p.m.
  • Length: 6:53
Show
View Real Time Build Order
Export as new Build Order

Sistine Zerg - Winner!

Build Orders: Hatch First 

Get SALT Encoding   

  12  0:00  Drone  
  13  0:12  Overlord  
  13  0:18  Drone  
  14  0:32  Drone x2  
  14  0:35  Drone  
  17  0:52  Hatchery  
  17  0:56  Drone  
  17  0:59  Drone  
  18  1:11  Extractor  
  17  1:13  Spawning Pool  
  17  1:16  Drone  
  17  1:19  Drone  
  18  1:28  Drone  
  19  1:39  Overlord  
  19  1:55  Drone  
  19  2:00  Queen  
  22  2:02  Zergling x2  
  22  2:04  Queen  
  22  2:05  Zergling x2  
  26  2:13  Drone  
  27  2:16  Drone  
  27  2:22  Drone  
  29  2:27  Drone  
  30  2:33  Drone  
  30  2:36  Drone  
  32  2:38  Lair  
  32  2:46  Drone  
  32  2:47  Extractor  
  32  2:53  Drone, Evolution Chamber  
  32  2:57  Evolution Chamber, Queen  
  33  3:00  Overlord  
  33  3:02  Drone  
  34  3:06  Drone  
  34  3:11  Drone  
  36  3:12  Overlord  
  36  3:19  Roach Warren  
  36  3:22  Drone x2  
  36  3:23  Drone  
  36  3:25  Drone  
  40  3:41  Zerg Missile Weapons Level 1  
  40  3:42  Overlord  
  40  3:59  Roach  
  40  4:00  Roach x5  
  40  4:01  Roach  
  40  4:02  Roach  
  56  4:07  Roach  
  56  4:09  Glial Reconstitution  
  54  4:13  Roach  
  54  4:16  Roach  
  58  4:22  Zergling x2  
  59  4:24  Overlord  
  59  4:32  Overlord  
  62  4:45  Roach x2  
  62  4:46  Roach x2  
  62  4:47  Overlord  
  62  4:49  Zergling x2  
  67  5:04  Roach x4  
  75  5:09  Zergling x4  
  68  5:27  Roach x3  
  70  5:31  Roach  
  61  5:44  Roach x2  
  61  5:46  Queen  
  67  5:50  Roach x2  
  63  6:03  Roach  
  63  6:04  Roach  
  61  6:10  Roach  
  63  6:12  Ravager  
  63  6:15  Roach  
  63  6:18  Roach x2  
  68  6:21  Roach  
  72  6:25  Roach  
  72  6:31  Roach  
Show
View Real Time Build Order
Export as new Build Order

DaiCapra Zerg 

Build Orders: Hatch First 

Get SALT Encoding   

  12  0:00  Drone  
  13  0:13  Overlord  
  13  0:17  Drone  
  14  0:32  Drone x2  
  16  0:35  Drone  
  17  0:52  Hatchery  
  17  0:55  Drone  
  17  1:01  Drone  
  18  1:07  Extractor  
  17  1:13  Spawning Pool  
  17  1:17  Drone  
  17  1:21  Drone  
  18  1:31  Drone  
  19  1:41  Overlord  
  19  1:50  Drone  
  20  1:59  Queen  
  22  2:02  Drone  
  22  2:03  Queen  
  22  2:04  Drone  
  26  2:09  Metabolic Boost  
  26  2:12  Drone  
  28  2:15  Drone  
  28  2:23  Zergling x2  
  28  2:25  Zergling x2  
  30  2:33  Zergling x2  
  31  2:37  Drone  
  31  2:41  Baneling Nest  
  31  2:44  Drone  
  31  2:47  Drone  
  33  2:56  Hatchery  
  32  2:59  Overlord  
  32  3:01  Drone  
  33  3:08  Queen  
  35  3:13  Drone  
  35  3:18  Drone x2  
  35  3:19  Drone  
  39  3:25  Drone, Overlord  
  40  3:30  Drone x2  
  42  3:38  Baneling x2  
  42  3:39  Zergling x4  
  42  3:41  Baneling x2  
  44  3:43  Overlord  
  44  3:50  Overlord  
  44  3:53  Drone x4  
  48  3:57  Drone  
  48  3:58  Drone x2  
  51  4:09  Drone x3  
  52  4:12  Lair  
  52  4:13  Drone  
  53  4:25  Roach Warren  
  53  4:26  Drone x3, Evolution Chamber  
  53  4:27  Drone  
  53  4:28  Overlord  
  55  4:32  Extractor  
  55  4:33  Extractor  
  55  4:35  Zergling x6  
  55  4:36  Zergling x2  
  57  4:44  Spine Crawler x2  
  54  4:49  Baneling x2  
  54  4:50  Baneling  
  54  4:52  Zergling x12  
  60  5:02  Zergling x14  
  60  5:06  Zergling x4, Roach  
  66  5:11  Roach x2  
  63  5:14  Zergling x2, Roach  
  63  5:21  Roach x2  
  63  5:25  Roach  
  63  5:26  Zergling x2  
  60  5:33  Zergling x2, Roach  
  61  5:38  Zergling x2, Roach  
  58  5:46  Zergling x2, Roach  
  60  5:52  Zergling x4, Roach  
  57  6:03  Zergling x8, Roach  
  58  6:10  Drone  
  59  6:13  Roach  
  59  6:14  Zergling x2  
  59  6:15  Zergling x2  
  61  6:20  Drone x3  
  63  6:28  Zergling x2, Roach x2  
Tags
 
Add a new tag
Caveats
  • Supply blocks, unpowered buildings, or Contaminate may cause inaccurate times.
  • Supply counts are checked every 10 seconds.